 Dungeon Crawl Stone Soup version 0.21-a0-85-ga0cb861 (webtiles) character file.

2844 nikopol the Thaumaturge (level 9, -3/46 (47) HPs)
             Began as a Deep Elf Fire Elementalist on June 25, 2017.
             Hit by a javelin of returning thrown by a centaur (11 damage)
             ... in a bailey.
             The game lasted 00:53:14 (8333 turns).

nikopol the Thaumaturge (DEFE)                      Turns: 8333, Time: 00:53:15

HP:   -3/46 (47)    AC:  5    Str:  5    XL:     9   Next: 46%
MP:   25/39         EV: 14    Int: 24    God:
Gold: 520           SH:  0    Dex: 15    Spells: 16/27 levels left

rFire    . . .     SeeInvis .   B - staff of power
rCold    + . .     Gourm    .   (no shield)
rNeg     . . .     Faith    .   a - +0 robe
rPois    .         Spirit   .   r - +1 helmet
rElec    .         Reflect  .   (no cloak)
rCorr    .         Harm     .   x - +0 pair of gloves
MR       .....                  (no boots)
Stlth    +++.......             (no amulet)
HPRegen  0.15/turn              i - ring of protection from cold
MPRegen  0.26/turn              (no ring)

@: no status effects
A: no striking features
a: no special abilities


You were in a bailey.
You were not hungry.

You visited 1 branch of the dungeon, and saw 8 of its levels.
You also visited: Ossuary and Bailey.

You collected 520 gold pieces.

Inventory:

Hand Weapons
 l - a +0 dagger
 s - a +2 short sword of holy wrath
Armour
 a - a +0 robe (worn)
 r - a +1 helmet (worn)
 x - a +0 pair of gloves (worn)
Magical Staves
 B - an uncursed staff of power (weapon)
 H - an uncursed staff of wizardry
Jewellery
 i - a ring of protection from cold (left hand)
 A - a +4 ring of dexterity {unknown}
Wands
 D - a wand of paralysis (19/24)
 F - a wand of acid (5/15)
 G - a wand of iceblast (11/15)
Scrolls
 d - 5 scrolls of remove curse
 f - 6 scrolls of identify
 g - a scroll of recharging
 n - a scroll of enchant armour
 o - 6 scrolls of teleportation
 y - a scroll of immolation
Potions
 e - 2 potions of lignification {unknown}
 h - 3 potions of brilliance {unknown}
 j - 7 potions of ambrosia {unknown}
 m - 3 potions of curing {unknown}
 p - 3 potions of mutation {unknown}
 t - 3 potions of heal wounds {unknown}
 u - 3 potions of agility {unknown}
 v - 2 potions of haste {unknown}
 z - a potion of flight {unknown}
 C - 3 potions of might {unknown}
 I - 2 potions of cancellation {unknown}
 J - 3 potions of magic {unknown}
 L - a potion of degeneration {unknown}
Books
 b - a book of Flames

   Spells                             Type                      Level
   a - Flame Tongue                   Conjuration/Fire             1
   b - Throw Flame                    Conjuration/Fire             2
   c - Conjure Flame                  Conjuration/Fire             3
   d - Inner Flame                    Hexes/Fire                   3
   e - Sticky Flame                   Conjuration/Fire             4
   f - Fireball                       Conjuration/Fire             5
Comestibles
 c - 3 bread rations
 k - 3 royal jellies
 q - 2 chunks of flesh
 w - a meat ration
 E - 3 fruits


   Skills:
 + Level 1.3 Fighting
 + Level 3.7 Dodging
 + Level 4.3 Stealth
 + Level 9.9 Spellcasting
 + Level 7.5 Conjurations
 + Level 8.8 Fire Magic


You had 16 spell levels left.
You knew the following spells:

 Your Spells              Type           Power        Failure   Level  Hunger
a - Flame Tongue          Conj/Fire      #####        1%          1    None
b - Throw Flame           Conj/Fire      ######       1%          2    None
c - Conjure Flame         Conj/Fire      ######..     1%          3    None
d - Fireball              Conj/Fire      ######....   4%          5    ####...


Dungeon Overview and Level Annotations

Branches:
Dungeon (8/15)             Temple (0/1) D:7
   Lair: D:8-11

Altars:
Ashenzari
Fedhas
Nemelex Xobeh
Sif Muna
Uskayaw
Yredelemnul

Shops:
D:4 *

Annotations:
D:2 Terence


Message History

The weapon returns to the centaur!
The centaur throws a javelin of returning.
The javelin of returning completely misses you.
The weapon returns to the centaur!
Casting: Throw Flame
Confirm with . or Enter, or press ? or * to list all spells.
Aiming: Throw Flame
Press: ? - help, Shift-Dir - straight line, f/p - centaur
Aim: a centaur, wielding a trident and wearing a chain mail (almost dead)
The puff of flame hits the centaur.
The centaur appears unharmed.
The centaur is almost dead.
The centaur throws a javelin of returning.
The javelin of returning hits you.
The weapon returns to the centaur!
The centaur throws a javelin of returning.
The javelin of returning hits you!
* * * LOW HITPOINT WARNING * * *
The weapon returns to the centaur!
The centaur throws a javelin of returning.
The javelin of returning hits you!
You die...

.≈≈.≈≈≈.≈≈≈.≈≈.
o≈.≈≈.ooc.≈≈.≈o
≈≈o≈.≈≈≈≈≈.≈.≈≈
≈.≈≈.≈...≈.≈≈o≈
≈o≈.≈≈...≈≈.≈.≈
≈.≈.≈.⌠∩⌠.≈)≈.≈
≈.≈.≈..∩..≈.≈.≈
≈.≈.≈.⌠∩⌠.≈.≈.≈
≈.≈.≈≈.@.≈≈.≈.≈
≈.≈≈.≈...≈.≈≈.≈
≈≈.≈.≈≈.≈≈.≈.≈≈
.≈.≈≈.≈.≈.≈≈.≈.
....≈≈...≈≈....
.....≈≈§≈≈.....
≈≈≈....c....≈≈≈
##≈≈⌠$.$.$⌠≈≈##


You could see 2 centaurs and 7 orcs.

Vanquished Creatures
  Pikel (D:7)
  The ghost of grindst0ne the Shield-Bearer, an amateur FoFi (D:3)
  Menkaure (D:4)
  Edmund (D:5)
  An ice beast (D:6)
  A necrophage (D:7)
  2 ogres
  2 centaurs
  3 bullfrogs
  3 scorpions
  7 howler monkeys
  A bullfrog zombie (D:5)
  4 hounds
  An orc priest (D:8)
  3 orc wizards
  A centaur skeleton (D:8)
  3 iguanas (D:7)
  3 worker ants
  A hound zombie (D:6)
  A hound skeleton (D:5)
  8 mummies (Ossuary)
  Robin (D:2)
  4 gnolls (D:4)
  5 adders
  2 shadow imps
  An adder zombie (D:5)
  An adder skeleton (D:6)
  2 dart slugs
  3 leopard geckos
  13 orcs
  5 bats
  2 giant cockroaches
  A gnoll zombie (Ossuary)
  21 goblins
  9 hobgoblins
  7 jackals
  5 kobolds
  3 quokkas
  A ball python (D:3)
  6 frilled lizards
  3 hobgoblin zombies (Ossuary)
  A jackal skeleton (D:5)
  3 kobold zombies (Ossuary)
  An orc zombie (Ossuary)
  A quokka skeleton (D:4)
  5 rats
  A spectral orc (D:2)
156 creatures vanquished.

Vanquished Creatures (others)
  2 slaves (D:7)
  A scorpion (D:7)
  A quasit (D:7)
  A worker ant (D:7)
  A hound zombie (D:7)
6 creatures vanquished.

Grand Total: 162 creatures vanquished

Notes
Turn   | Place    | Note
-------+----------+-------------------------------------------
     0 | D:1      | nikopol the Deep Elf Fire Elementalist began the quest for the Orb.
     0 | D:1      | Reached XP level 1. HP: 10/10 MP: 6/6
   163 | D:1      | Reached XP level 2. HP: 15/15 MP: 4/8
   811 | D:2      | Learned a level 2 spell: Throw Flame
   917 | D:2      | Noticed Robin
   950 | D:2      | Reached XP level 3. HP: 19/19 MP: 7/9
   985 | D:2      | Learned a level 3 spell: Conjure Flame
  1450 | D:2      | Killed Robin
  1790 | D:2      | Noticed Terence
  2300 | D:2      | Found a basalt altar of Yredelemnul.
  2486 | D:3      | Reached XP level 4. HP: 24/24 MP: 7/11
  2743 | D:3      | Reached skill level 4 in Spellcasting
  2957 | D:3      | Noticed grindst0ne's ghost (amateur FoFi)
  2970 | D:3      | Killed grindst0ne's ghost
  2970 | D:3      | Reached skill level 5 in Spellcasting
  2970 | D:3      | Reached skill level 5 in Fire Magic
  2970 | D:3      | Reached XP level 5. HP: 5/28 MP: 3/14
  2970 | D:3      | Reached XP level 6. HP: 6/33 MP: 3/15
  3898 | D:4      | Noticed Menkaure
  3927 | D:4      | Killed Menkaure
  3927 | D:4      | Reached skill level 1 in Fighting
  3927 | D:4      | Reached XP level 7. HP: 21/38 MP: 6/17
  4069 | D:4      | Found a sparkling altar of Nemelex Xobeh.
  4179 | D:4      | Reached skill level 6 in Spellcasting
  4632 | D:4      | Found a sparkling altar of Nemelex Xobeh.
  4637 | D:4      | Found a blossoming altar of Fedhas.
  4685 | D:4      | Found Syqevoj's Assorted Antiques.
  4948 | D:5      | Entered Level 5 of the Dungeon
  5498 | D:5      | Noticed Edmund
  5528 | D:5      | Killed Edmund
  5528 | D:5      | Reached skill level 5 in Conjurations
  5531 | D:5      | Reached skill level 7 in Spellcasting
  5531 | D:5      | Reached XP level 8. HP: 43/43 MP: 11/20
  5631 | D:5      | Found a hide-covered altar of Uskayaw.
  5956 | D:5      | Found a deep blue altar of Sif Muna.
  6373 | D:6      | Reached skill level 8 in Spellcasting
  6772 | D:6      | Found a shattered altar of Ashenzari.
  7178 | D:7      | Noticed Pikel
  7191 | D:7      | Killed Pikel
  7191 | D:7      | Reached skill level 9 in Spellcasting
  7191 | D:7      | Reached XP level 9. HP: 47/47 MP: 24/24
  7244 | D:7      | Learned a level 5 spell: Fireball
  7336 | D:7      | Found a sand-covered staircase.
  7340 | Ossuary  | Entered an ossuary
  7799 | D:7      | Found a staircase to the Ecumenical Temple.
  8318 | D:8      | Found a flagged portal.
  8325 | Bailey   | Entered a bailey
  8333 | Bailey   | Hit by a javelin of returning thrown by a centaur

Vault maps used:
D:1:      lemuel_arrival_tunnels, hangedman_decor_clover_reticule
D:2:      yredelemnul_forgotten_temple_becter, first_bread, uniq_robin,
          uniq_terence
D:4:      grunt_temple_overflow_open, serial_shops, nicolae_shop_statue_plus,
          hangedman_decor_lopped, nemelex_lonely_heart_becter, uniq_menkaure
D:5:      lemuel_crystal_altar, kennysheep_mini_moat, uniq_edmund
D:6:      basic_altar
D:7:      minmay_temple_entry_fiery, enter_ossuary_5, uniq_pikel,
          uniq_prince_ribbit1
D:8:      grunt_temple_overflow_lords_of_destruction, lemuel_doored_altar,
          enter_bailey_3, hangedman_pestilent_swarm
Ossuary:  ossuary_tomb_3
Bailey:   bailey_polearm_flooded_kennysheep, bailey

Skill      XL: |  1  2  3  4  5  6  7  8 |
---------------+-------------------------+-----
Fire Magic     | 4 5 6 8 |  8.8
Spellcasting   | 5 7 9 |  9.9
Stealth        | 3 4 |  4.3
Conjurations   | 3 4 5 7 |  7.5
Dodging        | 3 |  3.7
Fighting       | 1 |  1.3

Action                   |  1- 3 |  4- 6 |  7- 9 || total
-------------------------+-------+-------+-------++-------
Melee: Dagger            |     1 |       |       ||     1
       Staff             |       |       |     1 ||     1
 Cast: Flame Tongue      |    84 |    55 |   214 ||   353
       Conjure Flame     |     3 |     2 |     7 ||    12
       Throw Flame       |     2 |     9 |    67 ||    78
       Fireball          |       |       |     1 ||     1
  Use: Scroll            |       |       |    11 ||    11
  Eat: Chunk             |     2 |     3 |    13 ||    18
       Bread ration      |     1 |       |       ||     1
Armor: Robe              |     4 |     3 |    13 ||    20
Dodge: Dodged            |    20 |    10 |    45 ||    75
